 Dungeon Crawl Stone Soup version 0.29.0-4-gdea44cf6ec (webtiles) character file.

Game seed: 2566281905304042769

80 qw the Chopper (level 4, -7/26 HPs)
             Began as a Tengu Warper on Aug 28, 2022.
             Mangled by a worm (10 damage)
             ... on level 2 of the Dungeon.
             The game lasted 00:00:09 (1548 turns).

qw the Chopper (Tengu Warper)                       Turns: 1548, Time: 00:00:10

Health: -7/26      AC:  3    Str: 13    XL:     4   Next: 39%
Magic:  8/8        EV: 12    Int: 13    God:
Gold:   164        SH:  0    Dex: 14    Spells: 7/7 levels left

rFire   . . .      SeeInvis .   Y - +0 hand axe
rCold   . . .      Faith    .   (no shield)
rNeg    . . .      Spirit   .   b - +0 leather armour
rPois   .          Reflect  .   (helmet restricted)
rElec   .          Harm     .   (no cloak)
rCorr   .          Rampage  .   (no gloves)
Will    .....                   (boots unavailable)
Stlth   +.........              (no amulet)
HPRegen 0.08/turn               (no ring)
MPRegen 0.11/turn               (no ring)

@: no status effects
A: beak, talons 3
a: no special abilities


You were on level 2 of the Dungeon.
You visited 1 branch of the dungeon, and saw 2 of its levels.

You collected 164 gold pieces.


Innate Abilities, Weirdness & Mutations

You have a beak for a mouth.
You have claws for feet.


   Skills:
 - Level 2.0 Fighting
 + Level 5.0 Axes
 - Level 1.0 Throwing
 - Level 1.1 Armour
 - Level 2.1 Dodging
 - Level 2.0 Spellcasting
 - Level 2.4 Translocations


You had 7 spell levels left.
You didn't know any spells.
Your spell library contained the following spells:

 Spells                   Type           Power      Damage    Failure   Level
 Blink                    Tloc           14%        N/A       19%         2
 Gell's Gravitas          Tloc           7%         N/A       36%         3
 Lesser Beckoning         Tloc           7%         N/A       36%         3
 Teleport Other           Tloc           7%         N/A       36%         3
 Manifold Assault         Tloc           7%         N/A       98%         5

Inventory:

Hand Weapons
 a - the +4 flail of Tuics {venom, Str+3}
   (You found it on level 2 of the Dungeon)

   It poisons the flesh of those it strikes.
   Str:       It affects your strength (+3).
 Y - a +0 hand axe (weapon)
Missiles
 i - 4 javelins (quivered)
 k - 2 boomerangs
Armour
 b - a +0 leather armour (worn)
 d - a +0 scale mail
Scrolls
 c - 2 scrolls of teleportation {unknown}
 e - a scroll of identify
 g - a scroll of noise {unknown}
 j - a scroll of acquirement {unknown}
 l - a scroll of enchant armour {unknown}
Potions
 f - a potion of ambrosia {unknown}
 h - a potion of heal wounds {unknown}

Dungeon Overview and Level Annotations

Branches:
Dungeon (2/15)

Altars:


Message History

You kill the kobold!
The javelin pierces through the adder.
The adder is heavily wounded.
The adder bites you.
You closely miss the adder. Your peck misses the adder.
The adder bites you but does no damage.
You hit the adder. Your kick misses the adder.
The adder is heavily wounded.
The adder bites you.
You are poisoned.
The adder poisons you!
You hit the adder.
You kill the adder!
You feel sick. The adder bites you but does no damage.
You completely miss the adder. You claw the adder.
You kill the adder!
You feel sick.
You hit the goblin. You peck the goblin.
The goblin is severely wounded.
You feel sick. The goblin hits you with a +0 dagger.
You closely miss the goblin. Your kick misses the goblin.
The goblin is severely wounded.
You feel sick. The goblin closely misses you.
You closely miss the goblin.
The goblin is severely wounded.
You feel sick. The goblin hits you but does no damage. The goblin misses you.
You hit the goblin.
You kill the goblin!
You feel sick.
You are no longer poisoned.
Your Axes skill increases to level 5!
You barely miss the worm. You claw the worm!
The worm is heavily wounded.
The worm bites you!
You hit the worm.
The worm is heavily wounded.
You hit the worm.
The worm is almost dead.
The worm bites you!
You die...

####..#'#........##
#...%##.##.##.####
#.#..#.[.#..#.#
#...#######...#
#...# #.#.# #...#
+...#
#..#########.:#
#..#...... #..#
#.@w...).( #..#
#..#...... #..#
#..# #######..#
#... +. ### #...#
#.# ..# ##..# #..
#.# #... ...#.###
#... ##.#.##.
#....##.


You could see a worm.

Vanquished Creatures
  4 adders (D:2)
  2 dart slugs (D:2)
  A bat (D:1)
  6 endoplasms
  A hobgoblin (D:1)
  3 kobolds
  5 quokkas
  3 ball pythons
  4 frilled lizards
  6 goblins
  5 rats (D:1)
40 creatures vanquished.

Vanquished Creatures (others)
  A fungus (D:2)
  6 plants (D:2)
7 creatures vanquished.

Grand Total: 47 creatures vanquished

Notes
Turn   | Place    | Note
-------+----------+-------------------------------------------
     0 | D:1      | qw the Tengu Warper began the quest for the Orb.
     0 | D:1      | Reached XP level 1. HP: 12/12 MP: 4/4
     0 | D:1      | 0 ||| qw: Version: 0.1-a-89-g26bdef1
     0 | D:1      | 0 ||| qw: Game counter: 1991
     0 | D:1      | 0 ||| qw: Always use a shield: true
     0 | D:1      | 0 ||| qw: God list: Okawaru
     0 | D:1      | 0 ||| qw: Allow faded altars: false
     0 | D:1      | 0 ||| qw: Do Orc after D:15 true
     0 | D:1      | 0 ||| qw: Do second Lair branch before Depths: true
     0 | D:1      | 0 ||| qw: Lair rune preference: random
     0 | D:1      | 0 ||| qw: Plans: Normal
     0 | D:1      | 0 ||| PLANNING D:1-11
    25 | D:1      | 25 ||| Stepping ~*~*~tactically~*~*~ (stealth).
   137 | D:1      | Reached skill level 3 in Axes
   137 | D:1      | Reached XP level 2. HP: 17/17 MP: 6/6
   184 | D:1      | 184 ||| Stepping ~*~*~tactically~*~*~ (stealth).
   383 | D:1      | 383 ||| Stepping ~*~*~tactically~*~*~ (stealth).
   511 | D:1      | Reached XP level 3. HP: 21/21 MP: 7/7
   609 | D:1      | 609 ||| READING 2 scrolls labelled OCHIDDUTHRARGH.
   610 | D:1      | 610 ||| READING 2 scrolls labelled JASHRU ZUGASEROBUE.
   611 | D:1      | 611 ||| READING scroll labelled XUGREOSOI.
   612 | D:1      | 612 ||| DROPPING scroll of immolation.
   613 | D:1      | 613 ||| DROPPING scroll of blinking.
   704 | D:2      | Identified the +4 flail of Tuics {venom, Str+3}
   706 | D:2      | 706 ||| DROPPING +0 club.
   714 | D:2      | 714 ||| Stepping ~*~*~tactically~*~*~ (hiding).
   980 | D:2      | Found a faded altar of an unknown god.
   993 | D:2      | 993 ||| FLEEEEING.
   994 | D:2      | 994 ||| FLEEEEING.
  1063 | D:2      | Reached skill level 4 in Axes
  1066 | D:2      | 1066 ||| Stepping ~*~*~tactically~*~*~ (stealth).
  1360 | D:2      | Identified the +1 pair of boots of the Moon {*Corrode rF+
                  | rC+ Str+2}
  1374 | D:2      | Reached XP level 4. HP: 13/26 MP: 8/8
  1546 | D:2      | Reached skill level 5 in Axes
  1546 | D:2      | HP: 3/26 [worm (7)]
  1548 | D:2      | Mangled by a worm

Levels and vault maps discovered:
D:1:      minmay_arrival_three_doors, layout_rooms, serial_corexii_hall,
          chequers_hall_statues_wall_a, corexii_hall_statues_u,
          minmay_tromino_mix6
D:2:      layout_loops_ring, dreamdust_ecumenical_altar_grove,
          minmay_divided_ellipse

Skill      XL: |  1  2  3  4 |
---------------+-------------+-----
Axes           | 3 4 5 |  5.0
Fighting       | |  2.0
Throwing       | |  1.0
Armour         | |  1.1
Dodging        | |  2.1
Spellcasting   | |  2.0
Translocations | |  2.4

Action                   |  1- 3 |  4- 6 || total
-------------------------+-------+-------++-------
Melee: Hand axe          |    66 |    11 ||    77
       Kick              |    13 |     2 ||    15
       Peck              |    12 |     1 ||    13
Throw: Boomerang         |     7 |       ||     7
       Javelin           |    21 |     1 ||    22
  Use: Scroll            |     3 |       ||     3
Armor: Leather armour    |    10 |     3 ||    13
Dodge: Dodged            |    36 |     2 ||    38

Table legend:
 A = Non-vault XP
 B = Vault XP
 C = Vault XP percentage of total XP
 D = Non-vault monster count
 E = Vault monster count
 F = Vault count percentage of total count
                 A         B        C        D         E       F
            +---------+---------+-------+---------+---------+-------
      Total |      63 |      52 |  45.2 |      30 |      10 |  25.0
            +---------+---------+-------+---------+---------+-------
        D:1 |      29 |       5 |  14.7 |      18 |       4 |  18.2
        D:2 |      34 |      47 |  58.0 |      12 |       6 |  33.3
            +---------+---------+-------+---------+---------+-------
